 Dungeon Crawl Stone Soup version 0.31.0-11-ge490571c62 (webtiles) character file.

Game seed: 17119729818748919634

134 Ekaitz the Firebug (level 5, 0/49 HPs)
             Began as an Oni Fire Elementalist on Feb 3, 2024.
             Slain by an orc wizard
             ... wielding a +0 dagger
              (2 damage)
             ... on level 4 of the Dungeon.
             The game lasted 00:04:56 (1975 turns).

Ekaitz the Firebug (Oni Fire Elementalist)          Turns: 1975, Time: 00:04:57

Health: 0/49       AC:  3    Str: 12    XL:     5   Next: 17%
Magic:  9/9        EV: 10    Int: 16    God:
Gold:   162        SH:  0    Dex: 11    Spells: 1/10 levels left

rFire   . . .        k - +0 great sword
rCold   . . .        (shield currently unavailable)
rNeg    . . .        a - +0 robe
rPois   .            (helmet restricted)
rElec   .            (no cloak)
rCorr   .            (gloves unavailable)
SInv    .            (boots unavailable)
Will    .....        (no amulet)
Stlth   ++           (no ring)
HPRegen 0.28/turn    (no ring)
MPRegen 0.11/turn

%: no passive effects
@: no status effects
A: large, unfitting armour, horns 1, tough skin 1, double potion healing,
drunken brawling
a: no special abilities


You were on level 4 of the Dungeon.
You visited 1 branch of the dungeon, and saw 3 of its levels.

You collected 186 gold pieces.
You spent 24 gold pieces at shops.

Inventory:

Hand Weapons
 j - the +7 sling of Zooxohatul {heavy, rPois rF- rN+}
   (You found it on level 2 of the Dungeon)

   rF-:       It makes you vulnerable to fire.
   rPois:     It protects you from poison rN+: It protects you from negative
   energy.
 k - a +0 great sword (weapon)
Armour
 a - a +0 robe (worn)
Magical Staves
 h - a staff of conjuration
Talismans
 d - a blade talisman
Scrolls
 c - a scroll of poison {unknown}
 e - a scroll of fog {unknown}
 f - 2 scrolls of fear {unknown}
 g - 2 scrolls of identify
 i - a scroll of noise {unknown}


   Skills:
 * Level 1.9 Fighting
 + Level 1.8 Dodging
 + Level 1.4 Stealth
 + Level 3.1 Spellcasting
 + Level 2.0 Conjurations
 * Level 0.7 Translocations
 * Level 3.9 Fire Magic


You had one spell level left.
You knew the following spells:

 Your Spells              Type           Power      Damage    Failure   Level
a - Foxfire               Conj/Fire      48%        2x1d6     5%          1
b - Scorch                Fire           30%        2d6       5%          2
c - Volatile Blastmotes   Fire/Tloc      20%        2d11      22%         3
i - Inner Flame           Hex/Fire       8%         N/A       24%         3

Your spell library contained the following spells:

 Spells                   Type           Power      Damage    Failure   Level
 Freeze                   Ice            8%         1d3       19%         1
 Lesser Beckoning         Tloc           8%         N/A       21%         2
 Hailstorm                Conj/Ice       5%         3d5       36%         3
 Gell's Gravitas          Tloc           4%         N/A       38%         3
 Teleport Other           Tloc           4%         N/A       38%         3
 Flame Wave               Conj/Fire      12%        2d6       47%         4
 Frozen Ramparts          Ice            4%         1d1       50%         3
 Leda's Liquefaction      Alch/Erth      1%         N/A       88%         4
 Petrify                  Alch/Erth      2%         N/A       88%         4
 Metabolic Englaciation   Hex/Ice        1%         N/A       99%         5
 Plasma Beam              Fire/Air       4%         2x1d14    100%        6
 Starburst                Conj/Fire      6%         6d4       100%        6


Dungeon Overview and Level Annotations

Branches:
Dungeon (2/15)

Altars:

Shops:
D:2 ?


Innate Abilities, Weirdness & Mutations

You are too large for most types of armour.
You have a pair of small horns on your head.
You have tough skin. (AC +1)
You gain doubled healing and magic from potions.
Whenever you drink a healing potion, you attack all around you.


Message History

The orc's fire resistance burns away.
The foxfire hits the orc.
The orc is moderately wounded.
The foxfire hits the orc.
The orc is heavily wounded.
The orc priest hits you with a +0 war axe.
Casting: Scorch (safe; 5% risk of failure)
Confirm with . or Enter, or press ? or * to list all spells.
You conjure some foxfire!
The orc priest misses you. The orc barely misses you.
Casting: Foxfire (safe; 5% risk of failure)
Confirm with . or Enter, or press ? or * to list all spells.
Flames lash the orc priest.
The orc priest is heavily wounded.
The orc priest's fire resistance burns away.
The orc is no longer more vulnerable to fire.
The foxfire hits something. x2
The orc priest hits you with a +0 war axe.
The orc hits you with a +0 hand axe.
You hear some strange, mumbled words.
A magic dart appears from out of thin air!
The magic dart hits you!
* * * LOW HITPOINT WARNING * * *
Casting: Scorch (safe; 5% risk of failure)
Confirm with . or Enter, or press ? or * to list all spells.
You conjure some foxfire!
The orc barely misses you.
The orc priest hits you with a +0 war axe!
* * * LOW HITPOINT WARNING * * *
Something hits you.
* * * LOW HITPOINT WARNING * * *
You take a swig of the potion and twirl your +0 great sword.
You closely miss the orc.
The orc is heavily wounded.
You slash the orc priest!
You kill the orc priest!
You closely miss something. Your headbutt misses something.
Magic courses through your body.
The foxfire hits something but does no damage.
The foxfire hits something.
The orc hits you with a +0 hand axe.
* * * LOW HITPOINT WARNING * * *
Something hits you.
You die...

#### ... #..### #
#..#.##
#.#.....#####
#.#...o{.......
#.....o@..#
#s#####.##.## ...
.. #.# #.# ## #.#
#.# ##'## #.#
##...## #.#
##.....## ##.##
##.......##
##...####.........#


You could see 2 orcs.

Vanquished Creatures
  A phantom (D:4)
  An orc priest (D:4)
  An adder (D:2)
  4 dart slugs
  5 ball pythons
  4 bats
  4 endoplasms
  3 goblins
  2 hobgoblins
  3 jackals
  2 kobolds (D:1)
  5 quokkas
  4 frilled lizards
  A rat (D:2)
40 creatures vanquished.

Vanquished Creatures (others)
  154 foxfires
154 creatures vanquished.

Grand Total: 194 creatures vanquished

Notes
Turn   | Place    | Note
-------+----------+-------------------------------------------
     0 | D:1      | Ekaitz the Oni Fire Elementalist began the quest for the
                  | Orb.
     0 | D:1      | Reached XP level 1. HP: 16/16 MP: 3/3
    96 | D:1      | Reached skill level 1 in Conjurations
   193 | D:1      | Reached XP level 2. HP: 24/24 MP: 1/5
   196 | D:1      | Learned a level 2 spell: Scorch
   568 | D:1      | Reached skill level 1 in Fighting
   648 | D:1      | Reached XP level 3. HP: 31/33 MP: 2/6
  1373 | D:2      | Found The Oracle's Delphic Readings.
  1378 | D:2      | Bought a scroll of identify for 24 gold pieces
  1680 | D:2      | Reached XP level 4. HP: 41/41 MP: 3/8
  1684 | D:2      | Learned a level 3 spell: Volatile Blastmotes
  1749 | D:2      | Identified the +7 sling of Zooxohatul {heavy, rPois rF-
                  | rN+}
  1751 | D:2      | You fall into a shaft and drop 2 floors!
  1774 | D:4      | Noticed a phantom
  1786 | D:4      | Killed a phantom
  1787 | D:4      | Reached XP level 5. HP: 48/49 MP: 1/9
  1797 | D:4      | Learned a level 3 spell: Inner Flame
  1975 | D:4      | HP: 2/49 [orc/+0 hand axe (1)]
  1975 | D:4      | Slain by an orc wizard

Illustrated notes

Levels and vault maps discovered:
D:1:      psy_arrival_conway, layout_loops_ring, nrook_uturn
D:2:      layout_loops_ring, serial_rivers, chequers_serial_rivers_micro_c,
          chequers_serial_rivers_marsh, chequers_serial_rivers_micro_a,
          chequers_serial_rivers_room_a, chequers_serial_rivers_micro_c,
          nicolae_nh_oracle_at_delphi
D:4:      gammafunk_steamed_eel, layout_loops_corners, serial_shops,
          nicolae_shop_hallway_plus, chequers_serial_rivers_room_a,
          chequers_hall_statues_corner_a, uniq_sigmund

Skill      XL: |  1  2  3  4 |
---------------+-------------+-----
Conjurations   | 1 2 |  2.0
Fire Magic     | 3 |  3.9
Fighting       | 1 |  1.9
Spellcasting   | 3 |  3.1
Dodging        | |  1.8
Stealth        | |  1.4
Translocations | |  0.7

Action                     |  1- 3 |  4- 6 || total
---------------------------+-------+-------++-------
  Melee: Unarmed           |     2 |       ||     2
         Headbutt          |     1 |     3 ||     4
         Staff             |     1 |       ||     1
         Great sword       |       |     4 ||     4
   Cast: Foxfire           |    75 |    13 ||    88
         Scorch            |       |     3 ||     3
    Use: Potion            |       |     1 ||     1
 Armour: Robe              |    23 |    18 ||    41
  Dodge: Dodged            |    24 |     6 ||    30
